 Dungeon Crawl Stone Soup version 0.31-a0-1074-g0b22e4e0f1 (console) character file.

Game seed: 2442257091959440391

4369 petzl the Thaumaturge (level 10, -3/74 HPs)
             Began as a Formicid Delver on Nov 27, 2023.
             Slain by a raiju (6 damage)
             ... on level 1 of the Abyss.
             The game lasted 00:38:17 (7136 turns).

petzl the Thaumaturge (Formicid Delver)             Turns: 7136, Time: 00:38:18

Health: -3/74      AC: 14    Str: 13    XL:     10   Next: 60%
Magic:  33/33      EV:  8    Int: 17    God:
Gold:   409        SH:  0    Dex: 14    Spells: 24/29 levels left

rFire   . . .        a - +6 lajatang (spect)
rCold   . . .        (no shield)
rNeg    . . .        j - +8 chain mail of Perfidy {Rampage Regen+ Str-4 Slay-5}
rPois   .            (helmet unavailable)
rElec   .            (no cloak)
rCorr   .            (no gloves)
SInv    +            D - +0 pair of boots
Will    +....        F - amulet of regeneration
Stlth   +            p - ring of flight
HPRegen 1.92/turn    C - ring of magical power
MPRegen 0.23/turn

%: rampage
@: flying
A: permanent stasis, dig shafts and tunnels, antennae 3, four strong arms,
clever 1, deformed body
a: Dig, Shaft Self


You were on level 1 of the Abyss.
You visited 1 branch of the dungeon, and saw 9 of its levels.
You visited the Abyss 1 time.
You also visited: Ossuary.

You collected 795 gold pieces.
You spent 386 gold pieces at shops.

Inventory:

Hand Weapons
 a - a +6 spectral lajatang (weapon)
 b - the +4 shortbow of Okawaru, Howling {speed, rPois SInv}
   (You bought it in a shop on level 6 of the Dungeon)

   rPois:     It protects you from poison SInv: It lets you see invisible.
 i - a +2 short sword of holy wrath
 s - a +2 mace of venom
Missiles
 g - 17 poisoned darts
Armour
 j - the +8 chain mail of Perfidy (worn) {Rampage Regen+ Str-4 Slay-5}
   (You found it on level 5 of the Dungeon)

   Str-4:     It affects your strength (-4).
   Slay-5:    It affects your accuracy & damage with ranged weapons and melee
   (-5).
   Regen+:    It increases your rate of health regeneration.
   Rampage:   It bestows one free step when moving towards enemies.
 D - a +0 pair of boots (worn)
Jewellery
 p - a ring of flight (left hand)
 C - a ring of magical power (right hand)
 F - an amulet of regeneration (around neck)
Wands
 f - a wand of digging (3)
 w - a wand of polymorph (13)
 A - a wand of charming (8)
 E - a wand of roots (2)
Scrolls
 c - 2 scrolls of fog
 d - 2 scrolls of revelation
 e - 3 scrolls of fear
 l - 2 scrolls of poison
 r - a scroll of enchant armour
 t - 2 scrolls of vulnerability
 y - a scroll of amnesia
 B - a scroll of immolation
Potions
 h - a potion of mutation
 m - 2 potions of invisibility
 n - a potion of resistance {unknown}
 o - a potion of might
 q - a potion of heal wounds
 u - 4 potions of curing
 v - 2 potions of enlightenment
 x - a potion of brilliance
 z - 3 potions of lignification
 G - 3 potions of magic


   Skills:
 - Level 5.0 Fighting
 - Level 2.3(3.3) Maces & Flails
 * Level 3.6(4.0) Staves
 * Level 4.3 Ranged Weapons
 + Level 4.0 Armour
 + Level 4.1 Dodging
 - Level 6.3 Stealth
 - Level 10.0 Spellcasting
 + Level 2.6 Conjurations
 + Level 2.9 Ice Magic
 + Level 2.3 Air Magic
 - Level 2.0 Evocations


You had 24 spell levels left.
You knew the following spells:

 Your Spells              Type           Power      Damage    Failure   Level
a - Freezing Cloud        Conj/Ice/Air   8%         6-21      100%        5

Your spell library contained the following spells:

 Spells                   Type           Power      Damage    Failure   Level
 Hailstorm                Conj/Ice       17%        3d6       82%         3
 Cigotuvi's Dreadful Rot  Necr/Pois/Air  22%        N/A       86%         2
 Call Canine Familiar     Summ           8%         N/A       99%         3
 Ignite Poison            Fire/Tmut/Pois 8%         N/A       99%         3
 Sigil of Binding         Hex            8%         N/A       99%         3
 Dimensional Bullseye     Hex/Tloc       4%         N/A       100%        4
 Leda's Liquefaction      Hex/Erth       4%         N/A       100%        4
 Summon Ice Beast         Ice/Summ       13%        N/A       100%        4
 Arcjolt                  Conj/Air       8%         1d18      100%        5
 Simulacrum               Ice/Necr       6%         N/A       100%        6
 Maxwell's Capacitive Co  Air            8%         ∞         100%        8
 Vhi's Electric Charge    Tloc/Air       Unusable   N/A       N/A         4

Dungeon Overview and Level Annotations

Branches:
Dungeon (9/15)             Temple (0/1) D:7         Ossuary (visited)
   Lair: D:8-11         Orc: D:9-12

Altars:
Cheibriados
Dithmenos
Fedhas
Nemelex Xobeh
Okawaru
Ru
Zin

Shops:
D:2 *   D:4 [   D:6 *   D:7 (

Annotations:
D:7 Crazy Yiuf


Innate Abilities, Weirdness & Mutations

You cannot be hasted, slowed, berserked, paralysed or teleported.
You can dig through walls and to a lower floor.
You have a pair of large antennae on your head. (SInv)
Your four strong arms can wield two-handed weapons with a shield.
Your mind is acute. (Int +4, Str/Dex -1)
Armour fits poorly on your strangely shaped body.


Message History

The raiju bursts into living lightning!
The living lightning hits you!
The raiju blinks! x2
You barely miss the raiju.
Your +6 spectral lajatang closely misses the raiju.
The raiju bites you. The raiju shocks you!
The raiju bursts into living lightning!
The living lightning hits you!
* * * LOW HITPOINT WARNING * * *
The raiju blinks!
As you read the scroll of summoning, it crumbles to dust.
Wisps of shadow whirl around you...
Your +6 spectral lajatang disappears.
The raiju bites you!
* * * LOW HITPOINT WARNING * * *
The raiju shocks you!
* * * LOW HITPOINT WARNING * * *
The raiju bites you but does no damage.
You closely miss the raiju.
Your +6 spectral lajatang completely misses the raiju.
Your thrashing horror tramples the raiju!
The raiju holds its ground!
Your thrashing horror closely misses the raiju.
The raiju bites your small abomination but does no damage.
The raiju bites you but does no damage.
The raiju bursts into living lightning!
The living lightning misses you.
The raiju blinks!
Your small abomination hits the raiju but does no damage.
A starcursed mass splits.
You swap places.
Your +6 spectral lajatang disappears.
Your thrashing horror tramples the raiju!
The raiju holds its ground!
Your thrashing horror misses the raiju.
Your small abomination barely misses the raiju.
The raiju bursts into living lightning!
The living lightning hits your small abomination!
The living lightning hits you.
* * * LOW HITPOINT WARNING * * *
The raiju blinks! x2; The raiju bites your neqoxec.
The raiju shocks your neqoxec! The raiju bites you.
You die...

. .. . ... #.#
## #.# ..##... #
# # #. #..... #
#.### # #..
..#... # ##.. #
##.'... ....#
###... .## #
###. #### # #
###.....## #
##....###.#
......#..@3## ..
#.....hhh###
.....#....x#XX#
..........§.#..#
.....#...X....##
..............#
........##...#
..........h....
.#... ..........
..........#.....
# .. ..........#
...... ..###...
#...#. .# #..


You could see 3 raiju, 2 friendly starcursed masses, a friendly thrashing horror
(summoned), a friendly neqoxec (summoned) and a friendly small abomination
(summoned).

Vanquished Creatures
  Pikel (D:9)
  Joseph (D:7)
  Maggie (D:6)
  4 yaks (D:8)
  3 water moccasins
  An orc warrior (D:6)
  2 ice beasts
  2 ogres
  2 phantoms (D:4)
  A centaur (D:5)
  A kobold brigand (D:7)
  A bullfrog (D:5)
  2 gnoll sergeants
  2 scorpions (D:6)
  5 killer bees
  3 orc priests
  2 gnoll boudas
  A jelly (D:8)
  2 hounds
  Jessica (D:3)
  3 iguanas
  A sleepcap (D:6)
  10 orc wizards
  9 mummies
  8 adders
  26 gnolls
  A shadow imp (D:5)
  2 worms
  2 dart slugs
  23 orcs
  5 ball pythons
  3 endoplasms
  4 giant cockroaches
  A gnoll zombie (Ossuary)
  8 goblins
  7 hobgoblins
  5 jackals
  9 kobolds
  3 quokkas
  5 bats
  3 frilled lizards
  4 hobgoblin zombies
  3 kobold zombies
  2 orc zombies (Ossuary)
  A rat (D:2)
186 creatures vanquished.

Notes
Turn   | Place    | Note
-------+----------+-------------------------------------------
     0 | D:5      | petzl the Formicid Delver began the quest for the Orb.
     0 | D:5      | Reached XP level 1. HP: 18/18 MP: 1/1
    18 | D:5      | Identified the +8 chain mail of Perfidy {Rampage Regen+
                  | Str-4 Slay-5}
    44 | D:6      | Noticed an orc priest
    44 | D:6      | Noticed an orc wizard
    46 | D:6      | Noticed an orc wizard
   109 | D:5      | Killed an orc wizard
   110 | D:5      | Reached XP level 2. HP: 24/24 MP: 2/2
   110 | D:5      | Reached XP level 3. HP: 29/29 MP: 3/3
   113 | D:6      | Noticed a bullfrog
   171 | D:5      | Killed a bullfrog
   172 | D:5      | Reached skill level 2 in Spellcasting
   172 | D:5      | Reached XP level 4. HP: 21/36 MP: 3/8
   226 | D:5      | Reached skill level 3 in Spellcasting
   226 | D:5      | Reached XP level 5. HP: 41/41 MP: 8/10
   268 | D:5      | Noticed an ice beast
   285 | D:4      | Noticed a water moccasin
   320 | D:4      | Killed a water moccasin
   321 | D:4      | Reached skill level 4 in Spellcasting
   321 | D:4      | Reached XP level 6. HP: 15/47 MP: 10/13
   482 | D:4      | Reached skill level 5 in Spellcasting
   505 | D:3      | Noticed Jessica
   520 | D:3      | Killed Jessica
  1871 | D:2      | Reached XP level 7. HP: 50/52 MP: 15/15
  1918 | D:2      | Found Katramig's Assorted Antiques.
  1923 | D:2      | Bought a scroll labelled CAITTELAITA for 18 gold pieces
  1923 | D:2      | Bought a grey potion for 16 gold pieces
  1923 | D:2      | Bought 2 fuming grey potions for 32 gold pieces
  1923 | D:2      | Bought a scroll labelled LEUDARPHYECW for 18 gold pieces
  2392 | D:3      | Found a blossoming altar of Fedhas.
  2550 | D:3      | Reached skill level 6 in Spellcasting
  2813 | D:3      | Found a shadowy altar of Dithmenos.
  3462 | D:4      | Reached skill level 7 in Spellcasting
  3613 | D:4      | Found Myicuupn's Armour Boutique.
  3628 | D:4      | Reached XP level 8. HP: 55/59 MP: 17/19
  3810 | D:5      | Reached skill level 8 in Spellcasting
  3977 | D:4      | Found a sacrificial altar of Ru.
  4426 | D:5      | Reached skill level 9 in Spellcasting
  4564 | D:5      | Found a sparkling altar of Nemelex Xobeh.
  4977 | D:6      | Found Lyomyrag's Assorted Antiques.
  5040 | D:6      | Reached XP level 9. HP: 64/64 MP: 22/22
  5044 | D:6      | Bought a black potion for 25 gold pieces
  5044 | D:6      | Bought a transparent shortbow for 224 gold pieces
  5044 | D:6      | Identified the +4 shortbow of Okawaru, Howling {speed,
                  | rPois SInv} (You bought it in a shop on level 6 of the
                  | Dungeon)
  5044 | D:6      | Bought a glowing orange potion for 25 gold pieces
  5044 | D:6      | Bought a scroll labelled SUUXZA COEMP for 28 gold pieces
  5173 | D:6      | Reached skill level 10 in Spellcasting
  5212 | D:7      | Found a sand-covered staircase.
  5239 | D:7      | Found Beesk's Weapon Emporium.
  5262 | D:7      | Reached skill level 1 in Armour
  5271 | Ossuary  | Entered an ossuary
  5351 | Ossuary  | Reached skill level 1 in Ranged Weapons
  5380 | Ossuary  | Gained mutation: Armour fits poorly on your strangely
                  | shaped body. [potion of mutation]
  5380 | Ossuary  | Gained mutation: Your mind is acute. (Int +4, Str/Dex -1)
                  | [potion of mutation]
  5472 | Ossuary  | Acquired a +5 spectral lajatang
  5643 | D:7      | Learned a level 5 spell: Freezing Cloud
  5733 | D:7      | Noticed Joseph
  5744 | D:7      | Killed Joseph
  5745 | D:7      | Reached skill level 1 in Conjurations
  5745 | D:7      | Reached skill level 1 in Ice Magic
  5745 | D:7      | Reached skill level 1 in Air Magic
  5745 | D:7      | Reached skill level 1 in Evocations
  6106 | D:6      | Reached skill level 1 in Staves
  6232 | D:6      | Found a glowing silver altar of Zin.
  6324 | D:6      | Noticed Maggie
  6360 | D:6      | Killed Maggie
  6361 | D:6      | Reached XP level 10. HP: 64/73 MP: 24/24
  6382 | D:6      | Found a snail-covered altar of Cheibriados.
  6496 | D:6      | Found an iron altar of Okawaru.
  6607 | D:7      | You are sucked into a shaft and drop 2 floors!
  6713 | D:8      | Noticed Pikel
  6733 | D:9      | Killed Pikel
  6906 | D:8      | Reached skill level 5 in Fighting
  7103 | D:7      | Found a runed translucent door.
  7104 | D:7      | Noticed Crazy Yiuf
  7110 | Abyss:1  | Cast into level 1 of the Abyss (Crazy Yiuf)
  7136 | Abyss:1  | HP: 3/74 [raiju/living lightning (5)]
  7136 | Abyss:1  | Slain by a raiju

Illustrated notes

Levels and vault maps discovered:
D:1:      matt_arrival_los_fun, layout_basic, chequers_serial_rivers_micro_c,
          minmay_tromino_v7
D:2:      layout_loops_corners, serial_shops, shop_statue,
          kennysheep_pointless_box
D:3:      layout_basic, lemuel_tele_altar, mainiacjoe_overflow_small_starburst,
          minmay_misc_feat_square, minmay_cut_off, uniq_jessica
D:4:      layout_loops_cross, nicolae_ru_great_annihilating_truth,
          kennysheep_windowed_goal
D:5:      layout_basic, overflow_temple_1_default
D:6:      layout_basic, mainiacjoe_overflow_alcove_2, kennysheep_slug_shrine,
          kennysheep_mini_moat, serial_shops, shop, uniq_maggie
D:7:      layout_loops_ring, mainiacjoe_overflow_boulevard, serial_shops,
          nicolae_shop_competitors_out_of_business, nicolae_ossuary_entry_giza,
          uniq_crazy_yiuf_cottage, uniq_joseph
D:8:      layout_cave_pools, evilmike_ruin_ashenzari, mainiacjoe_overflow_paths,
          kennysheep_mini, chequers_guarded_unrand_ignorance, uniq_pikel
D:9:      nzn_winding_woodlands_medium [nzn_winding_woodlands_5x5_closed_star,
          nzn_winding_woodlands_5x15_cabin, nzn_winding_woodlands_5x5_three,
          nzn_winding_woodlands_5x5_perimeter,
          nzn_winding_woodlands_center_garden, nzn_winding_woodlands_5x5_cross,
          nzn_winding_woodlands_5x5_checkerboard,
          nzn_winding_woodlands_5x15_eye, nzn_winding_woodlands_hourglass],
          layout_cross, mainiacjoe_overflow_alcove_1, orc_0_dummy, serial_shops,
          nicolae_shop_real_fake_doors
Abyss:1:  base:
D:9

Skill      XL: |  1  2  3  4  5  6  7  8  9 10 |
---------------+-------------------------------+-----
Dodging        | 2 3 4 |  4.1
Spellcasting   | 2 3 4 5 7 9 10 | 10.0
Armour         | 3 4 |  4.0
Ranged Weapons | 3 4 |  4.3
Fighting       | 4 5 |  5.0
Conjurations   | 1 2 |  2.6
Ice Magic      | 2 |  2.9
Air Magic      | 1 2 |  2.3
Evocations     | 2 |  2.0
Staves         | 2 3 |  3.6
Maces & Flails | |  2.3
Stealth        | |  6.3

Action                     |  1- 3 |  4- 6 |  7- 9 | 10-12 || total
---------------------------+-------+-------+-------+-------++-------
  Melee: Mace              |    95 |   360 |   566 |       ||  1021
         Punch             |     1 |     3 |     5 |     1 ||    10
         Lajatang          |       |       |    91 |    76 ||   167
         Short sword       |       |       |    67 |       ||    67
   Fire: Shortbow          |       |       |    81 |    18 ||    99
Ability: Dig               |       |       |       |     4 ||     4
         Shaft Self        |       |       |       |     1 ||     1
  Evoke: Wand              |       |       |     8 |     2 ||    10
    Use: Potion            |       |     1 |     4 |       ||     5
         Scroll            |       |       |    19 |     1 ||    20
   Stab: Invisible         |       |       |     3 |       ||     3
         Paralysed         |       |       |     2 |       ||     2
         Distracted        |       |       |     1 |       ||     1
 Armour: Chain mail        |   110 |   347 |   764 |   103 ||  1324
         Skin              |       |    13 |       |       ||    13
  Dodge: Dodged            |    34 |   156 |   299 |    47 ||   536

Table legend: (Time is in decaauts)
 A = Elapsed time spent in this place.
 B = Non-inter-level travel time spent in this place.
 C = Inter-level travel time spent in this place.
 D = Time resting spent in this place.
 E = Time spent auto-exploring this place.
 F = Levels seen in this place.
 G = Mean time per level.
                   A        B        C        D        E       F      G
               +--------+--------+--------+--------+--------+-----+--------+
         Total |   7510 |   7262 |    248 |    423 |   3654 |  11 |  682.7 |
       Dungeon |   7112 |   6864 |    248 |    370 |   3612 |   9 |  790.2 |
         Abyss |     26 |     26 |      0 |      0 |      0 |   1 |   26.0 |
       Ossuary |    372 |    372 |      0 |     53 |     42 |   1 |  372.0 |
               +--------+--------+--------+--------+--------+-----+--------+

Top non-repeatable levels by time:
     D:3: 1272 daAuts
     D:4: 1194 daAuts
     D:5: 999 daAuts
     D:2: 952 daAuts
     D:6: 902 daAuts
     D:1: 843 daAuts
     D:7: 544 daAuts
 Ossuary: 372 daAuts
     D:8: 209 daAuts
     D:9: 193 daAuts
 Abyss:1: 26 daAuts
